 Dungeon Crawl Stone Soup version 0.19-a0-1878-gcbc8a98 (webtiles) character file.

30 HomeAl0ne the Conjurer (level 3, 0/24 HPs)
             Began as a Human Conjurer on Oct 13, 2016.
             Slain by an adder (2 damage)
             ... on level 2 of the Dungeon.
             The game lasted 00:25:50 (1947 turns).

HomeAl0ne the Conjurer (Human Conjurer)             Turns: 1947, Time: 00:25:51

Health: 0/24       AC:  8    Str:  8    XL:     3   Next: 35%
Magic:  3/6        EV:  0    Int: 16    God:
Gold:   45         SH:  0    Dex: 13    Spells: 1 memorised, 5 levels left

rFire  . . .     SeeInvis .     r - +0 short sword
rCold  . . .     Gourm    .     h - +0 chain mail
rNeg   . . .     Faith    .     (no shield)
rPois  .         Spirit   .     (no helmet)
rElec  .         Dismiss  .     (no cloak)
rCorr  .         Reflect  .     (no gloves)
MR     .....     Harm     .     (no boots)
Stlth  ..........               (no amulet)
                                (no ring)
                                (no ring)

@: lethally poisoned (0 -> -5), very slightly contaminated, constricted
A: no striking features
a: no special abilities


You were on level 2 of the Dungeon.
You were not hungry.

You visited 1 branch of the dungeon, and saw 2 of its levels.

You collected 45 gold pieces.

Inventory:

Hand Weapons
 i - a +0 dagger
 m - a -1 hunting sling
 n - a +0 hunting sling of velocity
 q - a +0 dagger
 r - a +0 short sword (weapon)
Missiles
 d - 12 poisoned needles (quivered)
 f - 13 bolts
Armour
 a - a +0 robe
 h - a +0 chain mail (worn)
 j - a +0 leather armour
Jewellery
 o - an uncursed amulet of guardian spirit {unknown}
Scrolls
 g - a scroll of enchant weapon {unknown}
 k - a scroll of remove curse
 l - 2 scrolls of teleportation {unknown}
 p - a scroll of blinking {unknown}
Potions
 e - a potion of flight
Books
 b - a book of Conjurations

   Spells                             Type                      Level
   a - Magic Dart                     Conjuration                  1
   b - Searing Ray                    Conjuration                  2
   c - Dazzling Spray                 Conjuration/Hexes            3
   d - Fulminant Prism                Conjuration/Hexes            4
   e - Iskenderun's Mystic Blast      Conjuration                  4
   f - Iskenderun's Battlesphere      Conjuration/Charms           5
Comestibles
 c - a bread ration


   Skills:
 + Level 0.2 Fighting
 + Level 0.2 Short Blades
 + Level 0.2 Armour
 + Level 2.3 Dodging
 + Level 2.4 Stealth
 + Level 0.2 Unarmed Combat
 + Level 2.1 Spellcasting
 + Level 4.4 Conjurations


You had 5 spell levels left.
You knew the following spells:

 Your Spells              Type           Power        Failure   Level  Hunger
a - Magic Dart            Conj           ###.         100%        1    #......


Dungeon Overview and Level Annotations

Branches:
Dungeon (2/15)

Altars:


Message History

The adder bites you but does no damage.
The ball python bites you but does no damage.
The ball python constricts you.
You miss the adder. The adder completely misses you.
The ball python bites you but does no damage.
The ball python constricts you. The adder bites you.
* * * LOW HITPOINT WARNING * * *
You are lethally poisoned!
The adder poisons you!
Casting: Magic Dart
Confirm with . or Enter, or press ? or * to list all spells.
Aiming: Magic Dart
Press: ? - help, Shift-Dir - straight line, f/p - adder
Aim: an adder You miscast Magic Dart.
Your skin tingles.
* * * LOW HITPOINT WARNING * * *
You feel sick.
The ball python bites you but does no damage.
The ball python constricts you. The adder bites you.
You die...

##########
#.....bS@#
#......S)#
#.?≈.≈≈..#
#...♣.≈..+
#..≈.♣...+
#..≈≈.≈..#
#...?....#
#........#
##########


You could see an adder, a bat and a ball python.

Vanquished Creatures
  2 oozes (D:1)
  A ball python (D:1)
  2 goblins (D:1)
  3 jackals (D:1)
  4 bats (D:1)
  5 frilled lizards (D:1)
  3 kobolds
20 creatures vanquished.

Notes
Turn   | Place    | Note
-------+----------+-------------------------------------------
     0 | D:1      | HomeAl0ne the Human Conjurer began the quest for the Orb.
     0 | D:1      | Reached XP level 1. HP: 13/13 MP: 3/3
   716 | D:1      | Reached XP level 2. HP: 9/19 MP: 0/5
  1289 | D:1      | Reached XP level 3. HP: 21/24 MP: 6/6
  1947 | D:2      | Slain by an adder

Vault maps used:
D:1:      minmay_arrival_stone_box
D:2:      first_bread, kennysheep_generic_room_4

Action                   || total
-------------------------++-------
Melee: Unarmed           ||    45
       Dagger            ||    27
       Short sword       ||    67
 Cast: Magic Dart        ||     8
  Use: Scroll            ||     3
       Potion            ||     1
 Stab: Distracted        ||     1
  Eat: Meat ration       ||     1
       Beef jerky        ||     1
Armor: Robe              ||    32
       Chain mail        ||   155
Dodge: Dodged            ||    78
